 Dungeon Crawl Stone Soup version 0.31.0-12-g77e489cdc1 (webtiles) character file.

Game seed: 9211286542862744135

157 sking99 the Slasher (level 5, -6/20 (43) HPs)
             Began as a Gnoll Reaver on Feb 26, 2024.
             Killed from afar by a crimson imp (12 damage)
             ... with a puff of flame
             ... on level 3 of the Dungeon.
             The game lasted 00:06:25 (3009 turns).

sking99 the Slasher (Gnoll Reaver)                  Turns: 3009, Time: 00:06:26

HP:   -6/20 (43)    AC:  5    Str: 13    XL:     5   Next: 38%
MP:   8/12          EV: 12    Int: 13    God:
Gold: 97            SH:  0    Dex: 10    Spells: 8/14 levels left

rFire   . . .        a - +0 falchion
rCold   . . .        (no shield)
rNeg    . . .        b - +0 leather armour
rPois   .            (no helmet)
rElec   .            (no cloak)
rCorr   .            n - +0 pair of gloves
SInv    .            i - +0 pair of boots
Will    .....        (no amulet)
Stlth   +            (no ring)
HPRegen 0.23/turn    (no ring)
MPRegen 0.13/turn

%: no passive effects
@: immotile, extremely drained
A: fangs 1, strong nose, distributed training
a: no special abilities


You were on level 3 of the Dungeon.
You visited 1 branch of the dungeon, and saw 3 of its levels.

You collected 97 gold pieces.

Inventory:

Hand Weapons
 a - a +0 falchion (weapon)
Armour
 b - a +0 leather armour (worn)
 i - a +0 pair of boots (worn)
 n - a +0 pair of gloves (worn)
Jewellery
 d - an amulet of guardian spirit
Scrolls
 c - 4 scrolls of teleportation {unknown}
 e - a scroll of identify {unknown}
 g - 3 scrolls of poison {unknown}
 m - a scroll of amnesia {unknown}
 p - a scroll of noise {unknown}
 q - a scroll of enchant armour {unknown}
 r - a scroll of fear {unknown}
Potions
 f - a potion of cancellation {unknown}
 h - 2 potions of curing {unknown}
 j - a potion of berserk rage {unknown}
 k - a potion of haste {unknown}
 l - a potion of lignification {unknown}
 o - a potion of might {unknown}


   Skills:
 + Level 4.8 Fighting
 + Level 1.5 Short Blades
 + Level 6.7 Long Blades
 + Level 1.5 Axes
 + Level 1.5 Maces & Flails
 + Level 1.5 Polearms
 + Level 1.5 Staves
 + Level 1.5 Ranged Weapons
 + Level 1.5 Throwing
 + Level 1.5 Armour
 + Level 4.8 Dodging
 + Level 1.5 Stealth
 + Level 1.5 Shields
 + Level 1.5 Unarmed Combat
 + Level 5.2 Spellcasting
 + Level 5.5 Conjurations
 + Level 1.2 Hexes
 + Level 1.2 Summonings
 + Level 1.2 Necromancy
 + Level 1.2 Translocations
 + Level 1.2 Fire Magic
 + Level 1.2 Ice Magic
 + Level 1.2 Air Magic
 + Level 1.2 Earth Magic
 + Level 1.2 Alchemy
 + Level 1.7 Invocations
 + Level 1.5 Evocations
 + Level 1.4 Shapeshifting


You had 8 spell levels left.
You knew the following spells:

 Your Spells              Type           Power      Damage    Failure   Level
a - Kiss of Death         Conj/Necr      48%        2d9       6%          1
b - Momentum Strike       Conj/Tloc      24%        3d8       9%          2
c - Hailstorm             Conj/Ice       12%        3d6       17%         3

Your spell library contained the following spells:

 Spells                   Type           Power      Damage    Failure   Level


Dungeon Overview and Level Annotations

Branches:
Dungeon (3/15)

Altars:
Makhleb
Vehumet

Annotations:
D:3 1 transporter, aheadsoundss's ghost, amateur HOBe


Innate Abilities, Weirdness & Mutations

You have very sharp teeth.
Your uncanny sense of smell can sniff out nearby items.
Your experience applies equally to all skills.


Message History

A crimson imp is nearby!
Found a burning altar of Makhleb.
There is an open door here.
Casting: Momentum Strike (safe; 9% risk of failure)
Confirm with . or Enter, or press ? or * to list all spells.
Aiming: Momentum Strike (safe; 9% risk of failure)
Press: ? - help, Dir - move target, f - crimson imp
Aim: a crimson imp, carrying a wand of flame (57% to hit)
The concentrated momentum misses the crimson imp.
The crimson imp hits you.
Casting: Momentum Strike (safe; 9% risk of failure)
Confirm with . or Enter, or press ? or * to list all spells.
Aiming: Momentum Strike (safe; 9% risk of failure)
Press: ? - help, Dir - move target, f/p - crimson imp
Aim: a crimson imp, carrying a wand of flame (57% to hit)
The concentrated momentum hits the crimson imp!
The crimson imp is almost dead.
You are unable to move.
The crimson imp lashes its tail.
The crimson imp zaps a wand.
The puff of flame hits you!
Ouch! That really hurt!
* * * LOW HITPOINT WARNING * * *
You are too injured to fight recklessly!
You closely miss the crimson imp.
The crimson imp is severely wounded.
The crimson imp hits you but does no damage.
You hit the crimson imp.
You bite the crimson imp, but do no damage.
The crimson imp is almost dead.
The crimson imp hits you but does no damage.
You hit the crimson imp but do no damage.
You punch the crimson imp, but do no damage.
The crimson imp is almost dead.
The crimson imp shouts, "Quit, thou pottle-deep crook-pated clam!"
The crimson imp hits you but does no damage.
You completely miss the crimson imp.
The crimson imp is almost dead.
The crimson imp zaps a wand.
The puff of flame hits you!
Ouch! That really hurt!
You die...

######################
#.........#..........#
#.###..##.#.########.# #.#..#@#
#.##.......# #.####5#
#..'.......# ####.# ...
#####.......# #....#
.....#.....#####.##
########....###_._#####..##......
#...........#######.# #..##......
#.######...###......###..........
#.# #.'......>................<.
#.####.#...###......####.##......


You could see a crimson imp.

Vanquished Creatures
  An iguana (D:3)
  A gnoll (D:1)
  4 adders
  4 ribbon worms
  8 orcs
  9 endoplasms
  A giant cockroach (D:2)
  6 hobgoblins
  5 jackals
  5 kobolds
  3 quokkas
  4 ball pythons
  6 bats
  6 frilled lizards
  2 goblins
  5 rats
70 creatures vanquished.

Notes
Turn   | Place    | Note
-------+----------+-------------------------------------------
     0 | D:1      | sking99 the Gnoll Reaver began the quest for the Orb.
     0 | D:1      | Reached XP level 1. HP: 20/20 MP: 6/6
    91 | D:1      | Reached XP level 2. HP: 24/26 MP: 7/7
   311 | D:1      | Reached skill level 5 in Spellcasting
   311 | D:1      | Reached XP level 3. HP: 21/29 MP: 7/9
   615 | D:1      | You fall into a shaft and drop 1 floor!
   664 | D:2      | Reached skill level 1 in Invocations
   697 | D:2      | Reached skill level 1 in Short Blades
   697 | D:2      | Reached skill level 1 in Axes
   697 | D:2      | Reached skill level 1 in Maces & Flails
   697 | D:2      | Reached skill level 1 in Polearms
   697 | D:2      | Reached skill level 1 in Staves
   697 | D:2      | Reached skill level 1 in Ranged Weapons
   697 | D:2      | Reached skill level 1 in Throwing
   697 | D:2      | Reached skill level 1 in Armour
   697 | D:2      | Reached skill level 1 in Stealth
   697 | D:2      | Reached skill level 1 in Shields
   697 | D:2      | Reached skill level 1 in Unarmed Combat
   697 | D:2      | Reached skill level 1 in Evocations
   719 | D:2      | Learned a level 2 spell: Momentum Strike
  1091 | D:1      | Reached skill level 1 in Shapeshifting
  1091 | D:1      | Reached XP level 4. HP: 22/22 MP: 8/11
  1622 | D:2      | Reached skill level 1 in Hexes
  1622 | D:2      | Reached skill level 1 in Summonings
  1622 | D:2      | Reached skill level 1 in Necromancy
  1622 | D:2      | Reached skill level 1 in Translocations
  1622 | D:2      | Reached skill level 1 in Fire Magic
  1622 | D:2      | Reached skill level 1 in Ice Magic
  1622 | D:2      | Reached skill level 1 in Air Magic
  1622 | D:2      | Reached skill level 1 in Earth Magic
  1622 | D:2      | Reached skill level 1 in Alchemy
  2139 | D:3      | Learned a level 3 spell: Hailstorm
  2319 | D:3      | Reached XP level 5. HP: 12/25 MP: 4/12
  2710 | D:3      | Noticed aheadsoundss's ghost (amateur HOBe)
  2710 | D:3      | Noticed an ogre
  2711 | D:3      | Found a transporter.
  2711 | D:3      | Identified the +6 giant spiked club of the Fray {drain,
                  | rPois rC+ Will- Str+3}
  2711 | D:3      | Noticed an ogre
  2856 | D:3      | Identified the +3 ring mail of the Distant Future {Int+3}
  2943 | D:3      | Noticed an ogre
  3002 | D:3      | Found a radiant altar of Vehumet.
  3003 | D:3      | Found a burning altar of Makhleb.
  3009 | D:3      | Killed from afar by a crimson imp

Illustrated notes

Levels and vault maps discovered:
D:1:      dpeg_arrival_arbitrary_b, layout_loops_cross
D:2:      layout_rooms
D:3:      kennysheep_six_static_rooms, layout_basic,
          grunt_temple_overflow_lords_of_destruction, gammafunk_ghost_smash,
          chequers_serial_rivers_marsh, minivault_14, hangedman_feature_mirror,
          eino_tiny_chamber

Skill      XL: |  1  2  3  4 |
---------------+-------------+-----
Spellcasting   | 5 |  5.2
Invocations    | 1 |  1.7
Short Blades   | 1 |  1.5
Axes           | 1 |  1.5
Maces & Flails | 1 |  1.5
Polearms       | 1 |  1.5
Staves         | 1 |  1.5
Ranged Weapons | 1 |  1.5
Throwing       | 1 |  1.5
Armour         | 1 |  1.5
Stealth        | 1 |  1.5
Shields        | 1 |  1.5
Unarmed Combat | 1 |  1.5
Evocations     | 1 |  1.5
Shapeshifting  | 1 |  1.4
Hexes          | 1 |  1.2
Summonings     | 1 |  1.2
Necromancy     | 1 |  1.2
Translocations | 1 |  1.2
Fire Magic     | 1 |  1.2
Ice Magic      | 1 |  1.2
Air Magic      | 1 |  1.2
Earth Magic    | 1 |  1.2
Alchemy        | 1 |  1.2
Fighting       | |  4.8
Long Blades    | |  6.7
Dodging        | |  4.8
Conjurations   | |  5.5

Action                     |  1- 3 |  4- 6 || total
---------------------------+-------+-------++-------
  Melee: Falchion          |   100 |    90 ||   190
         Bite              |     9 |     5 ||    14
         Punch             |     1 |     1 ||     2
   Cast: Kiss of Death     |     4 |     2 ||     6
         Momentum Strike   |     2 |    25 ||    27
 Armour: Leather armour    |    46 |    58 ||   104
  Dodge: Dodged            |    63 |    68 ||   131
